[Event "NSV chessemy IM 2022"]
[Site "Braunschweig"]
[Date "2022.08.03"]
[Round "5.1"]
[White "von Mettenheim, Johannes"]
[Black "Brynell, Stellan"]
[Result "0-1"]
[ECO "A62"]
[WhiteElo "2253"]
[BlackElo "2387"]
[Annotator "TA"]
[PlyCount "80"]
[EventDate "2022.07.30"]
[EventType "tourn"]
[EventCountry "GER"]
[SourceTitle "playchess.com"]
[Source "ChessBase"]
[SourceQuality "1"]
[TimeControl "40/5400+30:1800+30"]

1. d4 Nf6 2. c4 e6 3. g3 c5 4. d5 exd5 5. cxd5 d6 6. Nc3 g6 7. Bg2 Bg7 8. Nf3 O-O 9. O-O Re8 10. Re1 a6 11. a4 {[%emt 0:00:25] A62: Modern Benoni: Fianchetto Variation without early ...Nbd7.} Ne4 12. Nxe4 Rxe4 13. Qc2 {[%emt 0:00:47] White is slightly better.} Rb4 14. Ra2 b5 15. axb5 Nd7 16. e4 Rxb5 17. Bf1 {[%emt 0:16:28] [#]} Ra5 $146 ({Predecessor:} 17... Rb6 18. Bg5 Qe8 19. Bc4 Ne5 20. Nxe5 Bxe5 21. Be3 Bd7 22. f4 Bg7 23. e5 Bb5 {0-1 (47) Verat,L (2300)-Grimberg,G (2230) Clichy 1998}) 18. Rxa5 Qxa5 19. Bf4 Ne5 20. Nd2 Bd7 21. Re3 Bb5 22. Ra3 Qd8 23. Bxb5 ({White should play} 23. b3 $14) 23... axb5 $11 24. Qb3 {[%emt 0:00:17] Hoping for Rxa8.} Rxa3 25. Qxa3 h6 26. Qa6 (26. h4 $11) 26... Nd3 $1 $17 27. Be3 ({Of course not} 27. Bxd6 Nb4 28. Qxb5 Qxd6 $17) 27... Qb8 {[%emt 0:01:58] Black is more active.} ({Reject} 27... Nxb2 28. Qxb5 Nd1 29. Qd3 $11) 28. b3 Nb4 $1 {[%emt 0:01:26] Against Qa2} 29. Qa5 {[%emt 0:00:27] [#]} Nc2 $1 30. Nf1 c4 (30... Nxe3 $17 31. Nxe3 Qe8) 31. bxc4 $15 bxc4 32. Qa4 $1 Nxe3 33. Nxe3 {[%emt 0:00:07][%mdl 4096] Endgame KQB-KQN} Qb1+ 34. Kg2 $1 Qxe4+ 35. Kh3 $2 {[%emt 0:00:04] Loses the game.} (35. Kg1 $1 $11 {and White is okay.}) 35... g5 $19 {[%emt 0:00:38] Threatens to win with ...Kh7.} ({Don't go for} 35... Qf3 $2 36. Qxc4 Qxf2 37. Ng4 $19) 36. Qd7 {[%emt 0:02:14] [#]} c3 $1 37. Qxd6 $2 (37. Qg4 Qd3 38. Qd7) 37... Bd4 38. Qd8+ Kg7 {[%emt 0:00:31] Black mates.} 39. Qc8 Bxe3 40. fxe3 c2 {[%emt 0:00:24] Weighted Error Value: White=0.60/Black=0.07 (flawless)} 0-1

[Event "NSV chessemy IM 2022"]
[Site "Braunschweig"]
[Date "2022.08.03"]
[Round "5.2"]
[White "Voege, Tobias"]
[Black "Colbow, Collin"]
[Result "0-1"]
[ECO "E13"]
[WhiteElo "2272"]
[BlackElo "2325"]
[Annotator "TA"]
[PlyCount "70"]
[EventDate "2022.07.30"]
[EventType "tourn"]
[EventCountry "GER"]
[SourceTitle "playchess.com"]
[Source "ChessBase"]
[SourceQuality "1"]
[TimeControl "40/5400+30:1800+30"]

1. d4 Nf6 2. c4 e6 3. Nf3 b6 4. Nc3 Bb4 5. Bg5 Bb7 6. e3 h6 7. Bh4 g5 8. Bg3 Ne4 9. Qc2 Bxc3+ 10. bxc3 d6 11. Bd3 f5 12. Qb3 {[%emt 0:00:04][%cal Oc4c5] E13: Queen's Indian/Nimzo-Indian hybrid: 4 Nc3 Bb7 5 Bg5 h6 6 Bh4 Bb4.} Nd7 {[%emt 0:02:02] Against c5} 13. c5 Qe7 14. cxd6 {[%emt 0:01:07] The position is equal.} cxd6 15. Bxe4 (15. O-O {with more complications.} Ndf6 16. a4 O-O 17. a5) 15... Bxe4 (15... fxe4 16. Nd2 $14) 16. Qa3 e5 17. dxe5 (17. O-O-O $142) 17... Bxf3 $17 ({Of course not} 17... dxe5 $6 18. Qxe7+ Kxe7 19. Nxe5 $11) (17... Nxe5 18. Nxe5 dxe5 19. Qxe7+ Kxe7 20. Bxe5 $14 (20. f3 f4 $14)) 18. exd6 {[%emt 0:02:44] [#]} Qe6 19. gxf3 {[%emt 0:00:12] Threatens to win with 0-0-0.} f4 $1 {[%emt 0:00:07] [#]} 20. Bxf4 $146 ({Predecessor:} 20. Rd1 fxg3 21. hxg3 Nc5 22. Rd4 Rh7 23. O-O O-O-O 24. Rfd1 Rhd7 25. Qb4 Rxd6 26. a4 Rxd4 27. cxd4 {½-½ (54) Dunjic,D (2122)-Savicevic,V (2321) Belgrade 2012}) 20... gxf4 21. O-O-O O-O $36 {[%emt 0:08:09][%mdl 2048] White is under strong pressure.} 22. Rhg1+ Kh8 23. exf4 (23. Qb3 $142 Qxb3 24. axb3) 23... Rxf4 $19 24. Rde1 Qf6 25. Rg3 Rc8 ({Wrong is} 25... Rxf3 $2 26. Rxf3 Qxf3 27. Qb2 $19) 26. Re3 b5 {[%emt 0:06:03] White must now prevent ...Rfc4.} 27. Kd2 $2 (27. Qb2) 27... Rfc4 (27... b4 $142 28. Qb3 bxc3+ 29. Ke2 c2) 28. f4 $2 (28. Qb3) 28... b4 29. Qxa7 Qxd6+ 30. Rd3 bxc3+ 31. Ke2 Qe6+ 32. Rde3 Qf7 {[%emt 0:03:36] [#] ( -> ...c2)} 33. Qa3 c2 34. Qb2+ Qf6 35. Re6 c1=Q {[%emt 0:01:26] Weighted Error Value: White=1.10/Black=0.54} ({Resist} 35... Qxb2 36. Rxh6#) 0-1

[Event "NSV chessemy IM 2022"]
[Site "Braunschweig"]
[Date "2022.08.03"]
[Round "5.3"]
[White "Chennaoui, Yasin"]
[Black "Knuedel, Torben"]
[Result "0-1"]
[ECO "C41"]
[WhiteElo "2127"]
[BlackElo "2210"]
[Annotator "TA"]
[PlyCount "126"]
[EventDate "2022.07.30"]
[EventType "tourn"]
[EventCountry "GER"]
[SourceTitle "playchess.com"]
[Source "ChessBase"]
[SourceQuality "1"]
[TimeControl "40/5400+30:1800+30"]

1. e4 e5 2. Nc3 c6 3. Nf3 d6 4. d4 Nd7 5. a4 Be7 6. Bc4 Ngf6 7. O-O O-O {[%emt 0:00:14] 7...h6 deserves study.} 8. Ba2 Qc7 9. Qe2 {[%emt 0:01:13] was the old line (9.Re1).} h6 {[%emt 0:04:26] C41: Philidor Defence.} 10. Rd1 {[%emt 0:04:07] [#]} Nh5 $146 ({Predecessor:} 10... exd4 11. Nxd4 Re8 12. Bf4 Ne5 13. Bg3 Bf8 14. h3 a5 15. Rab1 Ng6 16. Qd3 Ne5 17. Qe2 Ng6 {0-1 (44) Martinez Romero,M (2477)-Valderrama Quiceno,E (2542) Quibdo 2015}) 11. Be3 Ndf6 {[%emt 0:04:31][%cal Bd7f6,Bf6g4,Bg4e3][%mdl 32] White is slightly better.} 12. a5 Ng4 13. d5 Nxe3 14. Qxe3 Nf4 15. a6 c5 16. axb7 Qxb7 17. Bc4 Bg4 (17... Qxb2 $2 18. Rdb1 Qxc2 19. Ne1 Qxb1 20. Rxb1 $18) 18. h3 Bh5 19. Kh2 (19. Ra6 $5 ) 19... Bg5 {[%emt 0:12:15][%cal Of4g2] Hoping for ...Nxg2!} (19... Qxb2 $2 20. Rdb1 Qxc2 21. Ra2 Qxb1 22. Nxb1 $18) 20. g4 Bg6 21. h4 (21. Nxg5 $16 {Nf3 is the strong threat.} hxg5 22. Ra6) 21... Ng2 $11 22. Qd3 Nxh4 23. Nxg5 hxg5 24. Ra6 Qe7 25. Qe3 f5 26. exf5 Bxf5 27. gxf5 Nxf5 28. Qh3 Rf6 $1 29. Kg1 Raf8 {[%emt 0:02:47][%cal Og5g4] aiming for ...g4!} 30. Be2 {[%emt 0:02:03] Threatens to win with Bg4.} Rh6 31. Qg2 Nh4 32. Qg3 Rf4 (32... Nf5 $11 33. Qg4 Nd4) 33. Bg4 ({Better is} 33. Rda1 $14 Nf5 34. Qg2 (34. Rxa7 Nxg3 35. Rxe7 Rh1+ 36. Kg2 Rxa1 $16)) 33... Rhf6 {[%emt 0:01:43] [#]} (33... e4 $11) 34. Rf1 ({White should try} 34. Ra4 $1 $16) 34... e4 $1 {[%emt 0:02:38][%cal Oe4e3] And now ...e3! would win.} 35. Ra4 $1 Qe5 {[%emt 0:00:18][%cal Of4g4] White must now prevent ...Rxg4!} 36. Ne2 $2 {[%emt 0:01:12][%mdl 8192] [#] White does not recover from this.} (36. Rxa7 {[#]} Rxg4 $1 37. Qxg4 Nf3+) (36. Be6+ $11 Rxe6 37. dxe6 Qxe6 38. Rxe4 (38. Rxa7 $2 Rg4 $19) 38... Rxe4 39. Nxe4 Qxe4 40. f4) 36... Rxg4 $1 $19 {[%emt 0:00:35][%mdl 576] Remove Defender} 37. Qxg4 Nf3+ 38. Qxf3 Rxf3 39. Kg2 Qxd5 40. Nc3 Qf5 41. Nxe4 Qg4+ 42. Ng3 Rxg3+ 43. fxg3 Qxa4 {[%emt 0:00:00] KQ-KR} 44. Rf2 c4 {[%emt 0:00:00] ( -> ...Qc6+)} 45. Rd2 Qc6+ {[%emt 0:00:00] Black mates.} 46. Kh2 c3 47. bxc3 a5 48. c4 a4 49. Rd3 Qxc4 50. Rxd6 a3 51. Rd8+ Kh7 52. Ra8 a2 53. c3 g4 54. Ra3 Qe2+ 55. Kg1 Qb2 56. Ra8 a1=R+ 57. Rxa1 Qxa1+ 58. Kg2 Qb2+ 59. Kf1 Kg6 60. c4 Kf5 61. c5 Ke4 62. c6 Kf3 63. c7 Qa1# {[%emt 0:00:00] Weighted Error Value: White=0.74/Black=0.12 (very precise)} 0-1

[Event "NSV chessemy IM 2022"]
[Site "Braunschweig"]
[Date "2022.08.03"]
[Round "5.4"]
[White "Fischer, Daniel"]
[Black "Pubantz, Jan"]
[Result "0-1"]
[ECO "B12"]
[WhiteElo "2351"]
[BlackElo "2269"]
[Annotator "TA"]
[PlyCount "74"]
[EventDate "2022.07.30"]
[EventType "tourn"]
[EventCountry "GER"]
[SourceTitle "playchess.com"]
[Source "ChessBase"]
[SourceQuality "1"]
[TimeControl "40/5400+30:1800+30"]

1. e4 c6 2. d4 d5 3. e5 Bf5 4. Nd2 e6 5. Nb3 Nd7 6. Nf3 Qc7 {[%emt 0:00:17] B12: Caro-Kann: Advance Variation.} 7. Be2 c5 8. dxc5 Bxc5 {[%emt 0:00:46] The position is equal.} 9. Nxc5 Qxc5 10. c3 Ne7 11. O-O {[%emt 0:00:12] 11.Nd4 is a critical line.} O-O 12. Re1 Qc7 13. Bf4 {[%emt 0:11:58] [#]} Be4 $146 ({Predecessor:} 13... Ng6 14. Bg3 Bg4 15. Nd4 Bxe2 16. Qxe2 a6 17. h4 Ne7 18. h5 h6 19. Bf4 Nc6 {½-½ (45) Gledura,B (2605)-Lupulescu,C (2631) Hungary 2017}) 14. Bf1 a6 15. Nd4 Nc6 16. Bg3 Bg6 (16... Ndxe5 $2 17. f3 $18) 17. Rc1 Nxd4 (17... Ncxe5 $2 18. Qe2 $18) 18. Qxd4 (18. cxd4 $5 Qb6 19. Qd2 $11) 18... b5 19. a4 {[%emt 0:06:10] [#] Black continues to play with concentration.} ({Better is} 19. f3 $11) 19... Nc5 $1 $17 20. Qb4 {[%emt 0:08:50] Against Nb3} (20. Qd1 $17) 20... bxa4 $19 21. c4 (21. Qa3 $142) 21... d4 22. Rcd1 Rfd8 23. Bh4 Rd7 24. Qd2 Rb8 {[%emt 0:02:10] Black is clearly winning.} 25. f3 Nb3 26. Qf2 d3 27. Qg3 Qxc4 28. Bg5 Qc2 {[%emt 0:01:06] aiming for ...d2.} 29. Be2 Rd5 30. h4 Qc5+ 31. Kh2 dxe2 32. Rxd5 Qxd5 33. Rxe2 Qc4 34. Re1 h5 {[%emt 0:00:52] Inhibits Qg4.} 35. Qf2 Qd4 36. Qe2 Nc5 37. Rd1 Nd3 {[%emt 0:00:27] Weighted Error Value: White=0.52/Black=0.19 (very precise)} 0-1

[Event "NSV chessemy IM 2022"]
[Site "Braunschweig"]
[Date "2022.08.03"]
[Round "5.5"]
[White "Sumets, Andrey"]
[Black "Sriram, Jha"]
[Result "1-0"]
[ECO "D15"]
[WhiteElo "2542"]
[BlackElo "2361"]
[Annotator "TA"]
[PlyCount "93"]
[EventDate "2022.07.30"]
[EventType "tourn"]
[EventCountry "GER"]
[SourceTitle "playchess.com"]
[Source "ChessBase"]
[SourceQuality "1"]
[TimeControl "40/5400+30:1800+30"]

1. d4 d5 2. c4 c6 3. Nc3 Nf6 4. e3 a6 5. Nf3 Bf5 6. Bd2 {[%emt 0:04:56] D15: Slav Defence: 4 Nc3 a6 and gambit lines after 4 Nc3 dxc4.} e6 7. Nh4 Bg4 8. Qb3 {[%emt 0:00:15] The position is equal.} b5 9. cxd5 cxd5 10. h3 Bh5 11. g4 Bg6 12. Nxg6 hxg6 13. g5 Nfd7 14. Rc1 Be7 {[%emt 0:01:53] [#]} (14... Qxg5 $2 {[#]} 15. Nxb5 $1 axb5 16. Rc8+ Ke7 17. e4 $18 (17. Bxb5 Qg2 $11)) 15. h4 $146 ({Predecessor:} 15. f4 Nb6 16. a4 b4 17. Nd1 a5 18. Nf2 f6 19. gxf6 gxf6 20. e4 Kf7 21. f5 gxf5 22. exf5 {1-0 (41) Predke,A (2611)-Krstulovic,A (2351) Skopje 2019}) 15... Nb6 ({Much less strong is} 15... Bxg5 16. Nxd5 Ra7 17. Bg2 Rxh4 18. Rxh4 Bxh4 19. Nf4 $16) 16. a4 b4 17. Nd1 a5 {[%emt 0:00:19] White must now prevent ...Bxg5.} 18. Bb5+ N8d7 {[%emt 0:00:15] [#] And now ...Bxg5 would win.} 19. f4 Rc8 20. Nf2 Rxc1+ 21. Bxc1 Qc7 22. Qd1 Nc8 23. Bd2 Nd6 24. Bd3 Nf5 25. Rh3 f6 26. h5 (26. Qf3 $14) 26... fxg5 $11 27. hxg6 Rxh3 28. Nxh3 gxf4 29. Nxf4 {[%emt 0:00:36] Hoping for Qh5.} Bg5 30. Bxf5 exf5 31. Qh5 Bxf4 32. exf4 {[%emt 0:00:04][%mdl 4096] Endgame KQB-KQN} Nf8 $2 ({Black should try} 32... Qc2 $11) 33. Qxf5 $16 {[%emt 0:00:08] Kf2 is the strong threat.} Qe7+ 34. Kf2 {[%emt 0:03:29] Strongly threatening Qc8+.} Qd6 $2 {[%emt 0:04:09] This costs Black the game.} (34... Nd7 $16 35. Qxd5 Qh4+ 36. Kf1 Qh3+ 37. Ke2 Qg4+ 38. Kd3 Nf6 39. Qe5+ (39. Qxa5 Qf3+ 40. Kc2 Qe4+ 41. Kb3 Qd3+ 42. Ka2 Qxd2 $11) 39... Kf8) 35. Qf7+ $18 Kd8 36. Qa7 (36. Kf3 $142) 36... Nxg6 37. Qxa5+ Kd7 $2 (37... Kc8 {was necessary.} 38. Qa8+ Kd7 39. Qb7+ Kd8 40. Qxg7 b3) 38. Qa7+ Qc7 (38... Kc8 $142 39. Qxg7 Ne7) 39. Qxc7+ Kxc7 {[%emt 0:00:00] KB-KN} 40. Ke3 b3 41. Kd3 Ne7 42. Kc3 Nc6 43. Be3 Na5 44. f5 Kd7 45. Bf4 {[%emt 0:00:00] aiming for Be5.} Ke7 46. Be5 Kf7 47. Kb4 {[%emt 0:00:00] Weighted Error Value: White=0.15 (very precise) /Black=0.55} 1-0